[Event "61st Mongolian-ch Open 2023"]
[Site "Khovd"]
[Date "2023.05.28"]
[Round "9.4"]
[White "Munkhzul, Turmunkh"]
[Black "Gan-Erdene, Sugar"]
[Result "1/2-1/2"]
[ECO "E94"]
[WhiteElo "2318"]
[BlackElo "2420"]
[Annotator "TA"]
[PlyCount "113"]
[EventDate "2023.05.22"]
[EventType "tourn"]
[EventCountry "MGL"]
[SourceTitle "playchess.com"]
[Source "ChessBase"]
[SourceQuality "1"]
[TimeControl "40/5400+30:1800+30"]

1. d4 Nf6 2. c4 g6 3. Nc3 Bg7 4. e4 d6 5. Nf3 O-O 6. Be2 Na6 7. O-O e5 8. Be3 c6 {[%emt 0:04:57] 8...Qe7 is the modern continuation.} 9. dxe5 dxe5 10. Qc2 {[%emt 0:02:24] E94: King's Indian: Classical: 6 Be2 e5 7 0-0: Various Black 7th moves.} Qe7 11. Rad1 Bg4 {[%emt 0:13:06] [#]} 12. Qa4 $146 ({Predecessor:} 12. Rd2 Bxf3 13. Bxf3 Nc5 14. Rfd1 Ne6 15. Qa4 Rfd8 16. Qa5 Rxd2 17. Rxd2 Nd7 18. g3 {1-0 Chylewski,P (2330)-Popadic,D (2157) Titled Tuesday intern op 24th Nov blitz 2020 (2)}) 12... Bxf3 13. Bxf3 Nc7 14. Qa5 (14. Bxa7 $2 {perishes.} b5 15. cxb5 Nxb5 16. Nxb5 cxb5 17. Qxb5 Rxa7 $19) 14... Ne6 {[%emt 0:01:28] Prevents Bc5.} 15. Rfe1 h5 16. Qxe5 (16. Bxa7 $2 {too greedy.} b5 17. cxb5 Rxa7 $19) 16... Ng4 17. Qd6 Qxd6 18. Rxd6 Be5 19. Rd7 Bxh2+ 20. Kh1 Nxe3 21. Kxh2 Nc5 {[%emt 0:00:35] And now ...Nxg2 would win.} ({Much worse is} 21... Nxc4 $6 22. Rxb7 Ne5 23. Be2 $11) 22. Re7 Nxc4 {[%emt 0:04:26] Excellent horsemanship.} 23. Be2 Nxb2 24. Rb1 Nbd3 25. Bxd3 Nxd3 26. Rbxb7 Nxf2 27. Kg3 Ng4 28. e5 Nh6 (28... Rae8 $17 29. e6 Rxe7 30. Rxe7 fxe6 31. Rxe6 Rf6) 29. Kf4 $1 $11 Nf5 (29... Rad8 {is more complex.} 30. Ne4 Rd4 31. Kg5 Kh7) 30. Red7 Ng7 31. Ne4 $1 {[%emt 0:01:22] Threatens to win with Nf6+.} Ne6+ 32. Ke3 a5 33. Re7 {[%emt 0:01:29] Strongly threatening Nf6+.} Rab8 34. Ra7 {[%emt 0:03:05] Black must now prevent Nf6+.} Ra8 $1 35. Nf6+ Kg7 {[%emt 0:00:04] ...Rxa7 is the strong threat.} 36. Rxf7+ {[%emt 0:01:55][%mdl 64] [#] Deflection} Rxf7 37. Rxa8 {[%emt 0:00:05][%mdl 4096] Endgame KRN-KRN} Rb7 38. Rxa5 Kh6 39. Ra6 {[%emt 0:01:20] The position is equal.} Rb5 40. Nd7 Rd5 41. Rxc6 {[%emt 0:05:46] aiming for Rd6.} Rxd7 42. Rxe6 {[%emt 0:00:07] KR-KR} Ra7 {[%emt 0:00:02] Prevents Ra6} 43. Rd6 Rxa2 44. e6 {[%emt 0:00:24] Threatening mate with e7.} Kg7 45. e7 Kf7 46. Rxg6 {[%emt 0:00:11][%mdl 64] [#] Decoy, Promotion} Kxe7 47. Kf3 $1 Ra3+ 48. Kf4 Kf7 49. Rg5 h4 50. Kg4 h3 51. gxh3 Ra6 52. Kh5 Rb6 53. h4 Ra6 54. Rb5 Kg7 55. Rb7+ Kh8 56. Rb8+ Kg7 57. Rb7+ {[%emt 0:00:04] Weighted Error Value: White=0.07 (flawless) /Black=0.07 (flawless)} 1/2-1/2

[Event "61st Mongolian-ch Open 2023"]
[Site "Khovd"]
[Date "2023.05.28"]
[Round "9.5"]
[White "Amilal Munkhdalai"]
[Black "Munkhgal, Gombosuren"]
[Result "1-0"]
[ECO "C03"]
[WhiteElo "2141"]
[BlackElo "2463"]
[Annotator "TA"]
[PlyCount "119"]
[EventDate "2023.05.22"]
[EventType "tourn"]
[EventCountry "MGL"]
[SourceTitle "playchess.com"]
[Source "ChessBase"]
[SourceQuality "1"]
[TimeControl "40/5400+30:1800+30"]

1. e4 e6 2. d4 d5 3. Nd2 Be7 4. c3 c5 5. exd5 exd5 6. Ngf3 {[%emt 0:00:51] C03: French Tarrasch: Unusual Black 3rd moves.} Nc6 7. Bb5 Qb6 8. Qe2 {[%emt 0:05:17] White has an edge.} c4 {[%emt 0:03:11] [#]} 9. Ba4 $146 ({Predecessor:} 9. Bxc6+ Qxc6 10. O-O Be6 11. Ne5 Qc7 12. Re1 Nf6 13. Ndf3 Ne4 14. Bg5 {½-½ Radozycki,T-Hardy,D IECG CP.2004.P.00047 email}) 9... Bf5 (9... Be6 {simplifies} 10. O-O Nf6 11. b3 cxb3 12. axb3 O-O) 10. Qe5 {[%emt 0:03:05] Inhibits Nf6.} Bd3 11. Qxd5 {[%emt 0:05:10] Strongly threatening Ne5.} (11. Qxg7 Bf6 12. Qg3 Nge7 $14) 11... Nf6 12. Qb5 Qc7 {[%emt 0:02:10] [#]} 13. Nxc4 ({Only move:} 13. Ne5 $1 $16 ) 13... O-O $11 14. Be3 Rac8 (14... Rfd8 $11) 15. Bb3 $1 $14 h6 16. Rd1 a6 $1 17. Qb6 Qb8 $1 18. Nce5 (18. Rxd3 $6 Nd5 $15) 18... Bb5 (18... Be4 $1 $14) 19. a4 $16 Bd8 20. Qc5 Nxe5 21. Qxe5 Bc7 22. Qf5 Bd7 23. Qd3 b5 24. Bxh6 Rfe8+ ({Better is} 24... bxa4 $14 25. Bc4 (25. Qg6 Nh5 $14) 25... Bb5 26. Bxb5 (26. Qg6 Nh5 $11) 26... Qxb5) 25. Kf1 Ne4 $2 {[%emt 0:01:27] [#] This move loses the game for Black.} (25... bxa4 $2 26. Qg6 Qb5+ 27. Kg1 $18) (25... Kf8 $16) 26. Ng5 $1 $18 Nxg5 27. Qg6 (27. Bxg5 bxa4 28. Bc4 (28. Bc2 g6 $17) 28... Qxb2 $11) 27... Be5 {[%emt 0:00:27] Hoping for ...Ne6.} 28. Bxg5 (28. Qxg5 Bf6 29. Qh5 Re7 $11) (28. dxe5 Qxe5 29. Qxg7+ (29. Qxg5 $2 Qe2+ 30. Kg1 Qxd1+ {[%mdl 64] Remove Defender, Back Rank} 31. Bxd1 Re1#) 29... Qxg7 30. Bxg7 Bc6 $18) 28... Be6 29. Bxe6 Rxe6 30. Qd3 bxa4 31. dxe5 Qxb2 32. g3 Rxe5 33. Bf4 (33. Qxa6 Rce8 34. Bf4 (34. Qxa4 Qe2+ 35. Kg2 Rxg5 $18) 34... R5e6 $18) 33... Qb7 34. f3 Rec5 35. Kg2 {[%emt 0:00:36] Rc1 would be deadly.} Rxc3 36. Qe2 Rc2 37. Rd2 Qb3 (37... Rxd2 {was called for.} 38. Qxd2 Qb3) 38. Rhd1 (38. Qxa6 a3 39. Re1 a2 $18) 38... a3 39. Kh3 {[%emt 0:00:56] Intending Rd8+ and mate.} (39. Qxa6 a2 $16) 39... Rxd2 40. Rxd2 (40. Bxd2 Qb5 41. Qxb5 axb5 $16) 40... Qb5 41. Ra2 Qd7+ 42. Kg2 Rc3 43. Rd2 ({Don't do} 43. Qxa6 Qd5 44. Rf2 (44. Rxa3 $2 {loses.} Qxf3+ 45. Kg1 Qd1+ 46. Kf2 Qc2+ 47. Kg1 Qb1+ 48. Kg2 Qe4+ 49. Kg1 Qb1+ 50. Kg2 Qb2+ 51. Kh3 Qxa3 $19) 44... Kh7 $18) 43... Qc6 44. Qe4 Qc8 {[%emt 0:02:25] Inhibits Rd8+.} (44... Qxe4 $142 45. fxe4 Rb3) 45. g4 a5 46. Qe7 Rc2 47. Qxa3 Rxd2+ 48. Bxd2 Qc4 49. Qxa5 f6 50. Qc3 Qe2+ 51. Kg3 Qf1 52. Qe3 Kf7 53. h4 g6 54. Bc3 f5 55. Qd4 {[%emt 0:00:50] White threatens Qd7+ and mate.} Qa6 56. g5 (56. Qd7+ $142 Kf8 57. Bb4+ Kg8 58. Qe8+ Kg7 59. Qf8+ Kh7 60. Qf7+ Kh8 61. Bc3+ Qf6 62. Bxf6#) 56... f4+ 57. Qxf4+ Kg8 58. Qf6 (58. Qc7 $142 Kf8 59. Bb4+ Kg8 60. Qd8+ Kg7 61. Qf8+ Kh7 62. Qf7+ Kh8 63. Bc3+ Qf6 64. Bxf6#) 58... Qb7 59. Qh8+ Kf7 60. Qh7+ {[%emt 0:00:09] A cool game by Amilal Munkhdalai.   Weighted Error Value: White=0.20 (precise) /Black=0.34} 1-0

[Event "61st Mongolian-ch Open 2023"]
[Site "Khovd"]
[Date "2023.05.28"]
[Round "9.6"]
[White "Bilguun, Sumiya"]
[Black "Munguntuul, Batkhuyag"]
[Result "1/2-1/2"]
[ECO "B26"]
[WhiteElo "2474"]
[BlackElo "2408"]
[Annotator "TA"]
[PlyCount "62"]
[EventDate "2023.05.22"]
[EventType "tourn"]
[EventCountry "MGL"]
[SourceTitle "playchess.com"]
[Source "ChessBase"]
[SourceQuality "1"]
[TimeControl "40/5400+30:1800+30"]

1. e4 c5 2. Nc3 e6 3. g3 Nc6 4. Bg2 g6 5. d3 Bg7 6. Be3 d6 (6... Nd4 7. Nce2 d6 8. c3 Nxe2 9. Nxe2 Ne7 10. Qd2 h6 11. O-O Rb8 12. d4 b6 13. b3 Ba6 14. Rfe1 Qc7 15. Rad1 h5 16. c4 O-O 17. Bh6 Kh7 18. Bxg7 Kxg7 {1-0 Bilguun,S (2474)-Munguntuul,B (2408) Ulaanbaatar m 2023 (1)}) 7. Qd2 Rb8 8. Nf3 Nf6 {[%emt 0:09:07] B26: Closed Sicilian: 3 g3, lines with early Be3.} 9. Bh6 O-O {[%emt 0:00:41] [#]} 10. h4 $146 ({Predecessor:} 10. O-O b5 11. Rae1 b4 12. Nd1 a5 13. Bxg7 Kxg7 14. Ne3 a4 15. a3 Ba6 16. Ra1 Qb6 {½-½ Narciso Dublan,M (2528)-Gukesh,D (2599) Carballo Concello 4th 2021 (5)}) 10... Bxh6 11. Qxh6 Ng4 12. Qd2 b5 13. h5 b4 14. Nd1 Qf6 15. Ng1 Qe5 (15... g5 $11) 16. Ne2 {[%emt 0:11:46] [#] And now f3 would win.} (16. Rh4 $5 gxh5 17. Nf3 $14) 16... Nd4 (16... gxh5 $2 17. f3 $18) 17. c3 (17. Rh4 $14 gxh5 18. f4) 17... bxc3 $11 18. bxc3 Nxe2 19. Qxe2 {[%emt 0:00:20] Threatens to win with f4.} f5 20. hxg6 $1 hxg6 21. f4 Qg7 22. Bf3 Nf6 23. e5 dxe5 24. Qxe5 Bb7 {[%emt 0:05:40] The position is equal.} (24... Rb6 {simplifies} 25. Qxc5 Rd8 26. Qe3 Bb7) 25. Qxe6+ Rf7 26. Bxb7 Re8 27. Qxe8+ Nxe8 28. Bd5 {[%emt 0:00:04][%cal Oa1b1] Rb1! is the strong threat.} Nf6 29. Bxf7+ Qxf7 30. Ne3 {[%emt 0:01:23] Dodges Qd5} Qb7 31. O-O-O Qf3 {[%emt 0:02:36][%csl LRe3,LRg3] Weighted Error Value: White=0.07 (flawless) /Black=0.07 (flawless)} 1/2-1/2

[Event "61st Mongolian-ch Open 2023"]
[Site "Khovd"]
[Date "2023.05.29"]
[Round "10.1"]
[White "Ulziikhishig Khishigbat"]
[Black "Amilal Munkhdalai"]
[Result "1/2-1/2"]
[ECO "D01"]
[WhiteElo "1601"]
[BlackElo "2141"]
[Annotator "TA"]
[PlyCount "114"]
[EventDate "2023.05.22"]
[EventType "tourn"]
[EventCountry "MGL"]
[SourceTitle "playchess.com"]
[Source "ChessBase"]
[SourceQuality "1"]
[TimeControl "40/5400+30:1800+30"]

1. d4 Nf6 2. Nc3 d5 3. Bg5 Nbd7 4. e3 e6 {[%emt 0:01:17] [#]} 5. g3 $146 ({Predecessor:} 5. Bd3 Be7 6. Qf3 c5 7. O-O-O c4 8. Bf1 b5 9. Nce2 Qa5 10. Kb1 b4 11. Ng3 Rb8 12. Bf4 Rb5 13. e4 dxe4 14. Nxe4 {0-1 Terry,R (2504)-Lazavik,D (2465) Speed Chess GP3 blitz 2021 (7)}) 5... h6 6. Bxf6 {[%emt 0:00:31] D01: Veresov Opening.} Nxf6 7. Bg2 c5 8. Nf3 b6 9. O-O Ba6 10. Re1 cxd4 11. Qxd4 Bb7 (11... Bc4 $11 {keeps the balance.}) 12. Ne5 {[%emt 0:02:55] White is much more active. The black rooks are badly placed.} (12. Qa4+ $1 $16 Qd7 13. Nb5) 12... a6 13. e4 Bc5 14. Qa4+ b5 {[%emt 0:00:05] [#]} 15. Nxb5 O-O {[%emt 0:00:05] And now ...Qb6 would win.} 16. Nc3 Qb6 17. Nd3 d4 18. Ne2 Bxe4 19. Bxe4 Nxe4 20. Nxc5 Qxc5 21. Qxd4 Qc6 (21... Qxc2 22. Rac1 e5 23. Rxc2 $16 (23. Qxe5 Qa4 $16)) 22. Qe3 Rad8 (22... Qxc2 $2 23. Nd4 Qxf2+ 24. Qxf2 $18) 23. Nd4 Rxd4 {[%emt 0:00:08][%mdl 64] Deflection} 24. Qxd4 Ng5 {[%emt 0:00:07][%cal Be4g5,Bg5h3,Bh3f2][%mdl 32] Strongly threatening ...Nf3+.} 25. Qc3 (25. Kf1 $5 ) 25... Qb7 {[%emt 0:09:46] aiming for ...Rc8.} 26. Red1 (26. Qb3 $2 Nf3+ 27. Kg2 (27. Kh1 $2 Qa8 $19) 27... Nxe1+ $19) 26... Rc8 27. Qd3 (27. Qb3 $1 $11 {remains equal.} Nf3+ 28. Kf1 (28. Kh1 Qa8 $17) 28... Nxh2+ 29. Kg1 Nf3+ 30. Kf1 (30. Kh1 $2 Qa8 $19) 30... Nh2+ 31. Kg1 Nf3+ 32. Kf1 (32. Kh1 $2 Qa8 $19) 32... Nh2+) 27... Rc5 (27... Nf3+ $1 $17 28. Kf1 Nxh2+ 29. Kg1 Nf3+ 30. Kf1 Nh2+ 31. Kg1 Nf3+ 32. Kf1 Ne5) 28. c4 $2 (28. h4 $11 Nf3+ 29. Kf1) 28... Re5 $2 ({Black should play} 28... Nh3+ $19 29. Kf1 Rf5) 29. h4 $11 Nh3+ 30. Kh2 Nxf2 31. Qc2 ({Wrong is} 31. Qd7 $2 Qxb2 32. Qd4 Nxd1+ $19) 31... Nxd1 32. Rxd1 {[%emt 0:00:01][%cal Rd1d8][%mdl 4096] Endgame KQR-KQR} f5 $40 {[%emt 0:00:23][%mdl 128] White must now prevent ...Qf3. Black mounts an attack.} (32... g5 $5 33. Qf2 Rf5 $11) 33. Rd2 (33. Qf2 $11) 33... Re1 $17 34. Rg2 Qf3 {[%emt 0:01:04] Against Qd3} 35. Qf2 Qe4 36. Qc2 Qf3 37. Qf2 Qd1 38. Rg1 {[%emt 0:00:01] Repels Rh1+} Rxg1 39. Qxg1 {[%emt 0:00:02] KQ-KQ} Qe2+ 40. Qg2 Qxc4 41. b3 Qd3 42. Qb2 (42. Qc6 $142) 42... Qd6 (42... Kf7 $142 43. h5 Qf3) 43. Qc2 (43. b4 $142) 43... Kf7 44. Qb2 e5 (44... g5 $142 45. hxg5 hxg5) 45. b4 e4 {[%emt 0:01:04][%cal Be5e4,Be4e3][%mdl 32] ...e3 is the strong threat.} 46. b5 axb5 47. Qxb5 Kf6 {[%emt 0:03:19] ...e3 would be deadly.} 48. a4 $2 (48. Qb2+ $17 Qe5 49. Qb6+ Kf7 50. h5) 48... e3 $1 $19 {[%emt 0:01:13] Hoping for ...Qd2+.} 49. Kh3 Qe6 50. Qb2+ (50. Qe2 $142 g5 51. hxg5+ hxg5 52. Kh2) 50... Kg6 (50... Kf7 $142 51. Qe2 Qd5) 51. Qe2 Qd5 52. h5+ {[%emt 0:01:11] [#]} Kh7 $1 53. g4 {[%emt 0:01:12] [#]} Qh1+ $2 ({Better is} 53... f4 $1 $19 {( -> ...Qh1+)} 54. Qc2+ Kg8 55. Qc8+ Kf7 56. Qc7+ Ke6 57. Qxf4 e2 58. Qe3+ Qe5 59. Qb6+ Kd7 60. Qb7+ Ke8 61. Qc8+ Kf7 62. Qc4+ Ke7 63. Qb4+ Kf6) 54. Kg3 $11 {[%emt 0:00:02] The position is equal.} Qg1+ 55. Kf4 Qf2+ 56. Qf3 Qh2+ 57. Kxe3 Qe5+ {[%emt 0:05:14] Weighted Error Value: White=0.43/Black=0.31} 1/2-1/2

[Event "61st Mongolian-ch Open 2023"]
[Site "Khovd"]
[Date "2023.05.29"]
[Round "10.2"]
[White "Enkhnar, Enkhbaatar"]
[Black "Munkhzul, Turmunkh"]
[Result "1/2-1/2"]
[ECO "E05"]
[WhiteElo "2360"]
[BlackElo "2318"]
[Annotator "TA"]
[PlyCount "29"]
[EventDate "2023.05.22"]
[EventType "tourn"]
[EventCountry "MGL"]
[SourceTitle "playchess.com"]
[Source "ChessBase"]
[SourceQuality "1"]
[TimeControl "40/5400+30:1800+30"]

1. d4 d5 2. c4 e6 3. Nf3 Nf6 4. g3 Be7 5. Bg2 O-O 6. O-O dxc4 7. Qc2 a6 8. Qxc4 b5 9. Qc2 Bb7 10. Bd2 Be4 11. Qc1 {[%emt 0:00:05] [#]} Bb7 $146 ({Predecessor:} 11... c6 12. Rd1 Nbd7 13. Nc3 Bg6 14. Ne5 Nxe5 15. dxe5 Nd5 16. h4 Qb8 17. Bf4 Rd8 18. Bf3 h5 19. Ne4 Ra7 20. Ng5 Rad7 21. Kh2 c5 {½-½ Sjugirov,S (2712)-Karjakin,S (2747) Moscow Region Cup rapid 2022 (3)}) 12. Qc2 Be4 13. Qc1 Bb7 14. Qc2 Be4 15. Qc1 1/2-1/2

[Event "61st Mongolian-ch Open 2023"]
[Site "Khovd"]
[Date "2023.05.29"]
[Round "10.3"]
[White "Gan-Erdene, Sugar"]
[Black "Chinguun, Sumiya"]
[Result "1-0"]
[ECO "E69"]
[WhiteElo "2420"]
[BlackElo "2298"]
[Annotator "TA"]
[PlyCount "103"]
[EventDate "2023.05.22"]
[EventType "tourn"]
[EventCountry "MGL"]
[SourceTitle "playchess.com"]
[Source "ChessBase"]
[SourceQuality "1"]
[TimeControl "40/5400+30:1800+30"]

1. d4 Nf6 2. c4 g6 3. g3 Bg7 4. Bg2 d6 5. Nf3 O-O 6. O-O Nbd7 7. Nc3 e5 8. e4 c6 9. h3 Qa5 10. Re1 exd4 11. Nxd4 Ne5 12. Bf1 Qb6 {[%emt 0:00:13][%cal Ob6d4] is recently more successful than 12...Re8. E69: King's Indian: Fianchetto: 6...Nbd7 7 0-0 e5 8 e4 c6 9 h3.} 13. Be3 {[%emt 0:00:21][%cal Od4b5] Black must now prevent Ndb5!} c5 $1 (13... Qxb2 $2 14. Na4 $18) 14. Nc2 Be6 {[%emt 0:00:17] White is slightly better.} 15. b3 Nfd7 16. Nd5 Bxd5 17. cxd5 Nf6 {[%emt 0:05:49] [#]} 18. Bd2 $146 ({Predecessor:} 18. f4 Ned7 19. Bf2 Rfe8 20. Qf3 Qa5 21. a4 Nxe4 22. Rxe4 Rxe4 23. Qxe4 Bxa1 24. Nxa1 {½-½ Alshameary Puente,I (2352)-Oratovsky,M (2474) POR-chT Maia 2018 (2.3)}) 18... Rae8 {[%emt 0:05:55] White now steadily converts the win.} 19. Rb1 $1 Ned7 20. Bg2 Qa6 {[%emt 0:00:30] [#]} (20... Re7 $142) 21. a4 $1 $16 Ne5 22. Bf1 Qb6 23. Na3 h5 24. f4 Ned7 (24... c4+ $2 25. Be3 Qd8 26. fxe5 $18) 25. Nc4 $36 {[%emt 0:00:18][%mdl 2048] White is on the roll.} Qc7 26. Qf3 {[%emt 0:01:29] White is more active.} Nh7 27. h4 ({Better is} 27. Kg2 $18) 27... Nb6 {[%emt 0:03:00] [#]} (27... b6 $16 28. Bh3 Bd4+ 29. Kg2 Nhf6) 28. Ba5 $1 $18 Bd4+ 29. Kh2 Nf6 30. Bh3 {[%emt 0:00:22] Repels Ng4+} Qd8 31. Re2 Kh7 32. Rbe1 Kg8 33. Na3 Nfd7 34. Nb5 Qf6 35. Nxd4 ({Don't play} 35. Nxa7 Ra8 $18) 35... cxd4 36. Bxb6 Nxb6 37. Qd3 {[%emt 0:00:12] Black is weak on the light squares} Qg7 38. a5 Nc8 39. e5 dxe5 40. fxe5 Rd8 41. d6 Nxd6 42. exd6 Rxd6 43. Bg2 Rd7 44. Re7 Rfd8 45. Bxb7 {[%emt 0:00:38] Rxd7 is the strong threat.} Rxe7 46. Rxe7 Qf6 {[%emt 0:01:12] Repels Ba6} 47. Re2 Kg7 48. Bg2 Qd6 49. Rf2 g5 $2 (49... Rd7 50. Bh3 Rd8) 50. Qf5 gxh4 51. Qxf7+ Kh8 52. Qxh5+ {[%emt 0:00:05] Weighted Error Value: White=0.15 (very precise) /Black=0.41} 1-0

[Event "61st Mongolian-ch Open 2023"]
[Site "Khovd"]
[Date "2023.05.29"]
[Round "10.4"]
[White "Munkhgal, Gombosuren"]
[Black "Bulgankhan Ganzorig"]
[Result "1-0"]
[ECO "E90"]
[WhiteElo "2463"]
[BlackElo "2017"]
[Annotator "TA"]
[PlyCount "71"]
[EventDate "2023.05.22"]
[EventType "tourn"]
[EventCountry "MGL"]
[SourceTitle "playchess.com"]
[Source "ChessBase"]
[SourceQuality "1"]
[TimeControl "40/5400+30:1800+30"]

1. d4 Nf6 2. c4 c5 3. d5 g6 4. Nc3 Bg7 5. e4 d6 6. h3 O-O 7. Nf3 e6 8. Be2 exd5 9. exd5 Bf5 {[%emt 0:05:56] E90: King's Indian: Classical: Early deviations and 6 h3.} 10. O-O (10. g4 $5 Bd7 11. Bf4 $14) 10... Ne4 11. Nxe4 Bxe4 {[%emt 0:00:17] The position is equal.} 12. Ng5 Bf5 (12... Bxb2 $2 13. Nxf7 Rxf7 14. Bxb2 $18) 13. Bd3 {[%emt 0:06:35] [#]} h6 $146 ({Predecessor:} 13... Bxd3 14. Qxd3 Nd7 15. Ne4 Re8 16. Bd2 Qb6 17. Rfe1 Qa6 18. Qb3 Ne5 19. Rac1 h6 {½-½ Roselli Mailhe,B (2433)-Strikovic,A (2507) Pretoria Capablanca GM 2018 (2)}) 14. Nf3 {[%emt 0:02:25] aiming for Bxf5.} Qf6 15. Bxf5 Qxf5 16. Qb3 Qd7 17. Bd2 Na6 18. Rfe1 b5 19. cxb5 $18 ({Don't play} 19. Qxb5 $6 Qxb5 20. cxb5 Nc7 $11) 19... Nc7 20. a4 Qf5 21. Bc3 Bxc3 (21... Rfe8 $16) 22. bxc3 Nxd5 23. c4 (23. Rad1 $18 Nf4 24. c4 (24. Rxd6 Rae8 $16)) 23... Nf4 $16 24. a5 Qd7 (24... h5 $16 {is a better defense.}) 25. Re4 $18 g5 26. Rae1 Ng6 27. Qd3 (27. Qe3 $18) 27... Rad8 $16 28. Rd1 {[%emt 0:03:07][%cal Of3e5] White is more active.} Nf4 29. Qe3 $36 {[%emt 0:00:16][%mdl 2048] White is on the roll.} Qf5 {[%emt 0:01:16] Prevents Ne5} 30. g3 Nxh3+ (30... Ng6 $16 {was necessary.}) 31. Kg2 $18 {[%emt 0:00:02] [#] Hoping for Rd5.} Nxf2 (31... d5 $142 32. cxd5 (32. Qxc5 $2 {is the wrong capture.} Qxe4 33. Qe3 Qg4 $19) 32... Rd6) 32. Kxf2 {[%emt 0:00:21] White is clearly winning.} Qh3 33. Rd5 {[%emt 0:02:40][%cal Od5g5] Threatens to win with Rxg5+!} f5 34. Re7 {[%emt 0:00:10] Qe6+ would kill now.} Rf6 {[%emt 0:00:17] [#] Inhibits Qe6+.} 35. Nxg5 $1 {[%emt 0:07:11][%mdl 512] White wants to mate with Re8+.} f4 (35... Qh2+ 36. Ke1) 36. Nxh3 {[%emt 0:00:16] Weighted Error Value: White=0.10 (very precise) /Black=0.46} 1-0

[Event "61st Mongolian-ch Open 2023"]
[Site "Khovd"]
[Date "2023.05.29"]
[Round "10.5"]
[White "Erdene, Ganzorig"]
[Black "Munguntuul, Batkhuyag"]
[Result "1-0"]
[ECO "A09"]
[WhiteElo "2278"]
[BlackElo "2408"]
[Annotator "TA"]
[PlyCount "115"]
[EventDate "2023.05.22"]
[EventType "tourn"]
[EventCountry "MGL"]
[SourceTitle "playchess.com"]
[Source "ChessBase"]
[SourceQuality "1"]
[TimeControl "40/5400+30:1800+30"]

1. c4 e6 2. Nf3 d5 3. g3 d4 4. Bg2 c5 5. O-O Nc6 6. d3 Nf6 7. e3 {[%emt 0:01:16] A09: Réti Opening: 1 Nf3 d5 2 c4.} Bd6 8. exd4 cxd4 9. a3 {[%emt 0:00:17] The position is equal.} a5 10. Bg5 O-O 11. Nbd2 Be7 12. Bxf6 Bxf6 {[%emt 0:00:08] [#]} 13. c5 $146 ({Predecessor:} 13. Re1 a4 14. Rc1 Qa5 15. c5 Qb5 16. Qc2 Rd8 17. Ne4 Be7 18. Nfd2 Na5 19. Nc4 {0-1 Fontaine,Q (2313)-Hovhannisyan,M (2456) Charleroi Experts 2018 (1)}) 13... e5 14. Nc4 Be6 15. Rc1 Qc7 16. Re1 g6 17. Qd2 (17. h4 $16) 17... Bg7 18. Nb6 Ra6 19. Qc2 a4 20. Nxa4 Na5 21. Nb6 Nb3 {[%emt 0:00:10] [#] Repels b4. Black is now going downhill.} (21... Bh6 $11 22. b4 Bxc1 23. Qxc1 Nb3) 22. Ng5 $1 $16 {[%emt 0:00:42] And now Nxe6 would win. Excellent horsemanship.} Nxc1 23. Nxe6 fxe6 24. Qxc1 Bf6 {[%emt 0:07:35] Black is weak on the light squares} ({Less strong is} 24... Qf7 25. Qd2 $14) 25. b4 {[%emt 0:02:42][%mdl 1024] White has strong compensation. White is more active.} Kg7 (25... Rxb6 $16 26. cxb6 Qxb6) 26. h4 Qf7 (26... Rxb6 $16 27. cxb6 Qxb6) 27. Re2 h6 28. Nc4 Qc7 29. Qd1 Raa8 30. a4 Kh8 31. a5 Bg7 32. Nd6 Rab8 33. Be4 Rf6 34. Ra2 h5 35. Qa4 Rff8 36. Bxg6 Bf6 37. Qd1 Qg7 38. Qxh5+ Kg8 39. Be4 Bd8 40. Nc4 Bc7 41. Qg6 Qxg6 42. Bxg6 Kg7 43. Be4 Kf6 44. b5 Rg8 45. b6 Bd8 46. Nd6 Be7 47. Nxb7 Rxb7 48. Bxb7 Bxc5 $18 {[%emt 0:00:01] KRB-KRB} 49. a6 (49. Be4 $142 Rc8 50. b7 Rg8 51. Rc2 Ba7 52. Rc8 Kg7 53. a6 Rh8 54. Ra8) 49... Bxb6 50. a7 Bxa7 51. Rxa7 {[%emt 0:00:22] [#] White threatens Ra8 and mate. KRB-KR} Rg7 52. Kf1 Rh7 53. Ke2 {[%emt 0:00:07] Threatens to win with Kf3.} Rc7 54. Kf3 {[%emt 0:00:16] Hoping for g4.} Rh7 55. g4 Rxh4 56. Be4 {[%emt 0:00:18] Intending Rh7 and mate.} Rh3+ 57. Kg2 Rh8 58. Rh7 {[%emt 0:00:10] Weighted Error Value: White=0.09 (flawless) /Black=0.74} (58. Kg3 $142 Rg8 59. Ra8 Rg6 60. Rf8+ Kg7 61. Bxg6 Kxf8 62. Be4 Kf7 63. g5) 1-0